 Dungeon Crawl Stone Soup version 0.25.1-2-g60ff931df9 (webtiles) character file.

Game seed: 17841198277721122035

63 DearestLeader the Chiller (level 4, -10/30 HPs)
             Began as a Merfolk Ice Elementalist on Nov 19, 2020.
             Mangled by a gnoll
             ... wielding a +0 flail
              (15 damage)
             ... on level 2 of the Dungeon.
             The game lasted 00:03:18 (1879 turns).

DearestLeader the Chiller (MfIE)                    Turns: 1879, Time: 00:03:19

Health: -10/30     AC:  2    Str: 14    XL:     4   Next: 10%
Magic:  5/7        EV: 13    Int: 15    God:
Gold:   97         SH:  5    Dex: 14    Spells: 6/7 levels left

rFire    . . .     SeeInvis .   e - +0 dagger
rCold    . . .     Gourm    .   (no shield)
rNeg     . . .     Faith    .   a - +0 robe
rPois    .         Spirit   .   (no helmet)
rElec    .         Reflect  +   (no cloak)
rCorr    .         Harm     .   (no gloves)
MR       .....                  (no boots)
Stlth    ++........             h - amulet of reflection
HPRegen  0.10/turn              b - +6 ring of strength
MPRegen  0.10/turn              (no ring)

@: no status effects
A: change form in water, swift swim, stealthy swim
a: no special abilities


You were on level 2 of the Dungeon.
You were not hungry.

You visited 1 branch of the dungeon, and saw 2 of its levels.

You collected 97 gold pieces.

Inventory:

Hand Weapons
 e - a +0 dagger (weapon)
Missiles
 m - 2 datura-tipped darts (quivered)
Armour
 a - a +0 robe (worn)
Jewellery
 b - a +6 ring of strength (left hand)
 h - an amulet of reflection (around neck)
Scrolls
 l - a scroll of remove curse {unknown}
Potions
 f - a potion of lignification {unknown}
 g - 2 potions of curing {unknown}
 i - a potion of magic {unknown}
 j - a potion of stabbing {unknown}
 k - a potion of resistance {unknown}
Comestibles
 c - 3 rations
 d - 2 chunks of flesh


   Skills:
 - Level 2.6 Dodging
 - Level 2.1 Stealth
 - Level 2.0 Spellcasting
 * Level 6.1 Ice Magic


You had 6 spell levels left.
You knew the following spells:

 Your Spells              Type           Power        Failure   Level  Hunger
a - Freeze                Ice            ###.         1%          1    #......

Your spell library contained the following spells:

 Spells                   Type           Power        Failure   Level  Hunger
 Frozen Ramparts          Ice            ###...       5%          3    ###....
 Ozocubu's Armour         Chrm/Ice       ##......     19%         3    ###....
 Hailstorm                Conj/Ice       ##......     54%         4    #####..
 Summon Ice Beast         Ice/Summ       ##......     54%         4    #####..


Dungeon Overview and Level Annotations

Branches:
Dungeon (2/15)

Altars:


Message History

Aim: a gnoll, wielding a +0 flail (almost dead, chance to frenzy on hit: 100%)
You throw a datura-tipped dart. The datura-tipped dart hits the gnoll.
The gnoll flies into a frenzy!
The gnoll is almost dead.
The gnoll closely misses the gnoll.
The gnoll hits you from afar with a +0 spear!
* * * LOW HITPOINT WARNING * * *
The gnoll misses the gnoll.
The gnoll barely misses the gnoll.
The gnoll closely misses the gnoll. x2; The gnoll barely misses the gnoll.
The kobold closely misses the gnoll.
The gnoll hits the gnoll with a +0 flail!
The gnoll dies!
Your Ice Magic skill increases to level 6!
You have reached level 4!
You feel a bit more experienced.
Something hits the kobold!
The kobold dies!
The gnoll hits you with a +0 flail!
Ouch! That really hurt!
You die...

..# #.# #g# ..g...##..#
#.##. ..##
###.####.#.###.#†##..###.#
# ...# #.....##.#.#
#...........# # ...#
#.###.##.#.# ###)..#.#####
# ...###.# #.##.#.# #gK...#
# .......###.##[#.# #..##.#
# ...........##.#.##
#..##.#
.......######.#..####†.##.#
...###.# #...@g...>....#
...# #.# #######.#####.####
...# #.# #...........#.#
#### #.# #.##.######.#.#
#.# #.##.### .#
#.###.##...####.#.#
#.........g........
#####.##....###.##.
#.##.##)###.#


You could see a neutral gnoll (fast, strong, insane).

Vanquished Creatures
  2 gnolls
  An ooze (D:1)
  A leopard gecko (D:2)
  4 bats (D:1)
  A giant cockroach (D:1)
  6 goblins
  2 hobgoblins (D:2)
  3 ball pythons
  4 frilled lizards
  2 kobolds (D:1)
  2 rats (D:1)
28 creatures vanquished.

Vanquished Creatures (collateral kills)
  2 gnolls (D:2)
  A kobold (D:2)
3 creatures vanquished.

Grand Total: 31 creatures vanquished

Notes
Turn   | Place    | Note
-------+----------+-------------------------------------------
     0 | D:1      | DearestLeader the Merfolk Ice Elementalist began the quest
                  | for the Orb.
     0 | D:1      | Reached XP level 1. HP: 13/13 MP: 3/3
   308 | D:1      | Reached XP level 2. HP: 19/19 MP: 1/5
   345 | D:1      | Reached skill level 5 in Ice Magic
   707 | D:1      | Reached XP level 3. HP: 24/24 MP: 2/6
  1232 | D:2      | Found a faded altar of an unknown god.
  1869 | D:2      | Reached skill level 6 in Ice Magic
  1869 | D:2      | Reached XP level 4. HP: 4/30 MP: 4/7
  1879 | D:2      | Mangled by a gnoll

Illustrated notes

Levels and vault maps discovered:
D:1:      giann_wishing_wells, layout_loops_corners
D:2:      layout_loops_ring, chequers_ecumenical_altar_simple_redux

Skill      XL: |  1  2  3 |
---------------+----------+-----
Ice Magic      | 5 6 |  6.1
Dodging        | |  2.6
Stealth        | |  2.1
Spellcasting   | |  2.0

Action                   |  1- 3 |  4- 6 || total
-------------------------+-------+-------++-------
Melee: Unarmed           |     1 |       ||     1
       Dagger            |    17 |       ||    17
Throw: Dart              |     1 |       ||     1
 Cast: Freeze            |    36 |       ||    36
 Stab: Sleeping          |     1 |       ||     1
  Eat: Ration            |     1 |       ||     1
       Chunk             |     1 |       ||     1
Armor: Robe              |     4 |       ||     4
Dodge: Dodged            |    39 |       ||    39
Block: Other             |    13 |       ||    13
       Reflection        |     1 |       ||     1
